 Dungeon Crawl Stone Soup version 0.30.1-11-g7821555f0a (webtiles) character file.

Game seed: 13664632727094116228

35 Martska the Trooper (level 3, 29/29 HPs)
             Began as a Demonspawn Fighter on Dec 11, 2023.
             Quit the game on level 2 of the Dungeon.
             The game lasted 00:01:06 (988 turns).

Martska the Trooper (Demonspawn Fighter)             Turns: 988, Time: 00:01:07

Health: 29/29      AC:  6    Str: 18    XL:     3   Next: 17%
Magic:  3/3        EV:  9    Int:  9    God:
Gold:   64         SH:  4    Dex: 12    Spells: 2/2 levels left

rFire   . . .        a - +0 trident
rCold   . . .        c - +0 buckler
rNeg    . . .        b - +0 scale mail
rPois   .            (no helmet)
rElec   .            (no cloak)
rCorr   .            (no gloves)
SInv    .            (no boots)
Will    .....        (no amulet) Stlth
                     (no ring)
HPRegen 0.24/turn    (no ring)
MPRegen 0.16/turn

%: no passive effects
@: no status effects
A: hooves 1, magic regeneration
a: no special abilities


You were on level 2 of the Dungeon.
You visited 1 branch of the dungeon, and saw 2 of its levels.

You collected 64 gold pieces.

Inventory:

Hand Weapons
 a - a +0 trident (weapon)
Armour
 b - a +0 scale mail (worn)
 c - a +0 buckler (worn)
Jewellery
 f - a ring of see invisible
Scrolls
 h - a scroll of torment {unknown}
Potions
 d - 2 potions of might
 e - a potion of magic {unknown}
 g - 2 potions of invisibility {unknown}
 i - a potion of heal wounds {unknown}


   Skills:
 * Level 3.4 Fighting
 - Level 1.7 Polearms
 + Level 2.9 Armour
 * Level 1.2 Dodging
 + Level 2.9 Shields


You had 2 spell levels left.
You didn't know any spells.
Your spell library was empty.

Dungeon Overview and Level Annotations

Branches:
Dungeon (2/15)

Altars:


Innate Abilities, Weirdness & Mutations

You have large cloven feet.
You regenerate magic rapidly.


Message History

The ball python constricts you.
You hit the ball python.
You kill the ball python!
No target in view!
No target in view!
No target in view!
No target in view!
No target in view!
HP restored.
There is a stone staircase leading up here.
h - a scroll labelled ITATIU NELYFAM
d - 2 potions of might (gained 1)
An adder comes into view.
The adder hisses angrily.
You see here 15 gold pieces.
An adder is nearby!
Found a blue potion.
Found an amethyst potion.
You miss the adder. The adder barely misses you. You block the adder's attack.
You miss the adder. The adder bites you.
You hit the adder.
The adder is heavily wounded.
You block the adder's attack. The adder closely misses you.
You puncture the adder!
You kill the adder!
You have reached level 3!
Your experience leads to an increase in your attributes!
Increase (S)trength, (I)ntelligence, or (D)exterity?
You feel stronger. x2; Your demonic ancestry asserts itself...
Your feet thicken and deform.
No target in view!
No target in view!
You don't know any spells.
You now have 64 gold pieces (gained 15).
i - an amethyst potion
g - 2 blue potions (gained 1)
Found a stone staircase leading down.
An adder comes into view.
The adder hisses angrily.
Are you sure you want to abandon this character and quit the game? (Confirm with "yes".)

#.#..# #.##.#####
#.#......#
#.#......###
..#........###
...†.....#...##
##.......###..###
###.# ##......#
##...##.....#
#......#
###.@..S...#
#......#
###......#
#......# #.>...#
#......# ....##
#......# +###
#......# ########


You could see an adder.

Vanquished Creatures
  An adder (D:2)
  2 dart slugs (D:1)
  3 ball pythons
  A bat (D:1)
  A giant cockroach (D:1)
  A hobgoblin (D:2)
  4 jackals (D:2)
  A quokka (D:1)
  A frilled lizard (D:1)
  3 kobolds
  4 rats
22 creatures vanquished.

Notes
Turn   | Place    | Note
-------+----------+-------------------------------------------
     0 | D:1      | Martska the Demonspawn Fighter began the quest for the Orb.
     0 | D:1      | Reached XP level 1. HP: 18/18 MP: 1/1
   125 | D:1      | Found a faded altar of an unknown god.
   290 | D:1      | Gained mutation: You regenerate magic rapidly. [demonic
                  | ancestry]
   290 | D:1      | Reached XP level 2. HP: 20/24 MP: 2/2
   833 | D:2      | Reached skill level 1 in Dodging
   954 | D:2      | Gained mutation: You have large cloven feet. [demonic
                  | ancestry]
   954 | D:2      | Reached XP level 3. HP: 29/29 MP: 3/3
   988 | D:2      | Quit the game

Illustrated notes

Levels and vault maps discovered:
D:1:      dpeg_arrival_chambers_temple_mockup, layout_loops_ring,
          chequers_ecumenical_altar_island, minmay_misc_feat_encased
D:2:      layout_basic, minivault_27

Skill      XL: |  1  2 |
---------------+-------+-----
Dodging        | 1 |  1.2
Fighting       | |  3.4
Polearms       | |  1.7
Armour         | |  2.9
Shields        | |  2.9

Action                     || total
---------------------------++-------
  Melee: Trident           ||    58
 Armour: Scale mail        ||    44
  Dodge: Dodged            ||    32
  Block: Buckler           ||    16
